 Dungeon Crawl Stone Soup version 0.25-a0-51-gc466198 (webtiles) character file.

Game seed: 8605668074519929385, levelgen mode: deterministic

46 Faca the Poker (level 3, -8/29 HPs)
             Began as a Merfolk Gladiator on Oct 24, 2019.
             Mangled by Sigmund
             ... wielding a +4 scythe of venom
              (11 damage)
             ... on level 2 of the Dungeon.
             The game lasted 00:02:34 (1006 turns).

Faca the Poker (Merfolk Gladiator)                  Turns: 1006, Time: 00:02:34

Health: -8/29      AC:  4    Str: 15    XL:     3   Next: 66%
Magic:  3/3        EV: 14    Int:  7    God:
Gold:   37         SH:  0    Dex: 15    Spells: 2/2 levels left

rFire    . . .     SeeInvis .   a - +0 trident
rCold    . . .     Gourm    .   (no shield)
rNeg     . . .     Faith    .   b - +0 leather armour
rPois    .         Spirit   .   c - +0 helmet
rElec    .         Reflect  .   (no cloak)
rCorr    .         Harm     .   (no gloves)
MR       .....                  (no boots)
Stlth    +.........             (no amulet)
HPRegen  0.09/turn              (no ring)
MPRegen  0.08/turn              (no ring)

@: no status effects
A: change form in water, swift swim, stealthy swim
a: no special abilities


You were on level 2 of the Dungeon.
You were not hungry.

You visited 1 branch of the dungeon, and saw 2 of its levels.

You collected 37 gold pieces.

Inventory:

Hand Weapons
 a - a +0 trident (weapon)
Armour
 b - a +0 leather armour (worn)
 c - a +0 helmet (worn)
Scrolls
 i - a scroll of enchant weapon {unknown}
 k - a scroll of blinking {unknown}
 l - a scroll of immolation {unknown}
 n - a scroll of enchant armour {unknown}
 o - 2 scrolls of identify {unknown}
Potions
 e - a potion of heal wounds {unknown}
 g - a potion of might {unknown}
 h - 3 potions of mutation {unknown}
 j - 2 potions of curing {unknown}
 m - a potion of brilliance {unknown}
 q - a potion of haste {unknown}
Comestibles
 f - 4 rations
 p - 2 chunks of flesh


   Skills:
 + Level 3.3 Fighting
 + Level 5.6 Polearms
 - Level 2.0 Throwing
 - Level 4.0 Dodging


You had 2 spell levels left.
You didn't know any spells.
Your spell library was empty.

Dungeon Overview and Level Annotations

Branches:
Dungeon (2/15)

Altars:

Annotations:
D:2 Sigmund


Message History

The net rips apart, and Sigmund comes free!
You closely miss Sigmund.
Sigmund is moderately wounded.
Sigmund misses you.
You closely miss Sigmund.
Sigmund is moderately wounded.
You hit Sigmund.
Sigmund is heavily wounded.
Sigmund barely misses you.
You hit Sigmund but do no damage.
Sigmund is heavily wounded.
Sigmund says, "I'm your fate."
Sigmund casts a spell.
Sigmund flickers and vanishes!
Deactivating autopickup; reactivate with Ctrl-A.
You hit something. Something hits you.
* * * LOW HITPOINT WARNING * * *
You hit something. You barely miss something. Something hits you!
You die...

... ..#.#.#.#...#
..#.......#.#.#.#
#.#.###...#.#.#.#
.##########.....#...#...#.#
#...........###.#...#####.#
#.#######.....#...........#
###....###.#...#.#####.#
..........#.......# #.#
#####.###@#.#.#...# #.#
#...#{..#.#...# #.#
..####.#.#(###.#...# ..#
#........(.# #.....# ###
####.....## #.....# #..####
#...#.# #..# ..>...#
..######..# ......
..........######......


There were no monsters in sight!

Vanquished Creatures
  3 dart slugs (D:1)
  2 leopard geckos (D:1)
  5 bats
  A giant cockroach (D:1)
  6 goblins
  3 hobgoblins (D:1)
  3 jackals (D:1)
  A kobold (D:2)
  10 frilled lizards
  3 rats (D:1)
37 creatures vanquished.

Notes
Turn   | Place    | Note
-------+----------+-------------------------------------------
     0 | D:1      | Faca the Merfolk Gladiator began the quest for the Orb.
     0 | D:1      | Reached XP level 1. HP: 16/16 MP: 1/1
   292 | D:1      | Reached XP level 2. HP: 23/23 MP: 2/2
   385 | D:1      | Reached skill level 5 in Polearms
   480 | D:1      | Reached XP level 3. HP: 29/29 MP: 3/3
   971 | D:2      | Noticed Sigmund
  1006 | D:2      | Mangled by Sigmund

Levels and vault maps discovered:
D:1:      lemuel_arrival_lava_pool, layout_loops_ring, supply_closet_lemuel,
          kennysheep_decorative_pillar, minmay_lizard_king
D:2:      layout_loops_ring, makhleb_grotto_becter,
          hangedman_abyss_or_decor_stabs, kennysheep_big_empty_room,
          roderic_lattice_a, hangedman_feature_mirror, uniq_robin, uniq_sigmund

Skill      XL: |  1  2 |
---------------+-------+-----
Polearms       | 5 |  5.6
Fighting       | 3 |  3.3
Throwing       | |  2.0
Dodging        | |  4.0

Action                   || total
-------------------------++-------
Melee: Trident           ||   105
Throw: Throwing net      ||     3
 Stab: Sleeping          ||     2
       Held in net/web   ||     2
Armor: Leather armour    ||    12
Dodge: Dodged            ||    48

Table legend:
 A = Non-vault XP
 B = Vault XP
 C = Vault XP percentage of total XP
 D = Non-vault monster count
 E = Vault monster count
 F = Vault count percentage of total count
                 A         B        C        D         E       F
            +---------+---------+-------+---------+---------+-------
      Total |      51 |      15 |  22.7 |      25 |      12 |  32.4
            +---------+---------+-------+---------+---------+-------
        D:1 |      47 |      11 |  19.0 |      22 |       9 |  29.0
        D:2 |       4 |       4 |  50.0 |       3 |       3 |  50.0
            +---------+---------+-------+---------+---------+-------
